 Dungeon Crawl Stone Soup version 0.28-a0-199-g298df9dbad (webtiles) character file.

Game seed: 15396183920961753590

461809 HilariousDeathArtist the Bewitcher (level 23, -2/203 HPs)
             Began as a Purple Draconian Enchanter on Aug 19, 2021.
             Was an Initiate of Gozag.
             Slain by a caustic shrike (30 damage)
             ... on level 4 of the Depths.
             The game lasted 02:41:26 (68955 turns).

HilariousDeathArtist the Bewitcher (DrEn)          Turns: 68955, Time: 02:41:26

Health: -2/203     AC:  9    Str: 17    XL:     23   Next: 38%
Magic:  38/38      EV: 17    Int: 35    God:    Gozag
Gold:   8714       SH: 13    Dex: 11    Spells: 34/53 levels left

rFire   + . .      SeeInvis +   a - +9 quick blade (flame)
rCold   + . .      Faith    .   o - +1 kite shield of Zumoeleo {rN+ rCorr Str+2 Stlth+}
rNeg    + + +      Spirit   .   (armour unavailable)
rPois   .          Reflect  .   b - +2 hat {Will+}
rElec   +          Harm     .   g - +2 cloak {Will+}
rCorr   +          Rampage  .   Q - +2 pair of gloves {Str+3}
Will    +++++                   F - +1 pair of boots of Conscience {Regen+ Str+4 Int+3}
Stlth   ++++......              A - amulet "Idepo" {rN+ Regen+ SInv}
HPRegen 2.43/turn               E - ring of Oleisor {rElec Int+6}
MPRegen 0.26/turn               C - ring of Yhuewkyte {rF+ rC+ rN++ Str-3 Stlth+}

@: corroded, gold aura, studying 3 skills, very slow
A: breathe power, AC +11, unfitting armour, cold-blooded, deterioration 1, low
mp 1, subdued magic 1
}: 2/15 runes: decaying, gossamer
a: Breathe Dispelling Energy, Renounce Religion, Potion Petition, Call Merchant,
Bribe Branch


You were on level 4 of the Depths.
You worshipped Gozag.
Gozag was greatly pleased with you.
You visited 8 branches of the dungeon, and saw 41 of its levels.
You also visited: Ossuary, Gauntlet, Ice Cave, Volcano and Desolation.

You collected 20879 gold pieces.
You spent 4403 gold pieces at shops.
You paid 7762 gold pieces to Gozag.

Inventory:

Hand Weapons
 a - a +9 quick blade of flaming (weapon)
   (You found it in a volcano)
Missiles
 n - 14 curare-tipped darts
 q - 10 arrows
 r - 25 sling bullets
 s - 9 javelins
 T - a throwing net {!d}
Armour
 b - a +2 hat of willpower (worn)
   (You bought it in a shop on level 2 of the Orcish Mines)
 g - a +2 cloak of willpower (worn)
   (You bought it in a shop on level 2 of the Orcish Mines)
 o - the +1 kite shield of Zumoeleo (worn) {rN+ rCorr Str+2 Stlth+}
   (You found it on level 6 of the Lair of Beasts)

   Str:       It affects your strength (+2).
   rN:        It protects you from negative energy.
   rCorr:     It protects you from acid and corrosion.
   Stlth:     It makes you more stealthy.
 F - the +1 pair of boots of Conscience (worn) {Regen+ Str+4 Int+3}
   (You found it in a Gauntlet)

   Str:       It affects your strength (+4).
   Int:       It affects your intelligence (+3).
   Regen:     It increases your rate of health regeneration.
 Q - a +2 pair of gloves of strength (worn)
   (You found it on level 3 of the Elven Halls)
Jewellery
 A - the amulet "Idepo" (around neck) {rN+ Regen+ SInv}
   (You bought it in a shop on level 2 of the Orcish Mines)

   [amulet of regeneration]

   rN:        It protects you from negative energy.
   SInv:      It lets you see invisible.
   Regen:     It increases your rate of health regeneration.
 C - the ring of Yhuewkyte (right hand) {rF+ rC+ rN++ Str-3 Stlth+}
   (You found it on level 3 of the Depths)

   [ring of protection from cold]

   Str:       It affects your strength (-3).
   rF:        It protects you from fire.
   rC:        It protects you from cold.
   rN:        It greatly protects you from negative energy.
   Stlth:     It makes you more stealthy.
 E - the ring of Oleisor (left hand) {rElec Int+6}
   (You found it in the Desolation of Salt)

   [ring of intelligence]

   Int:       It affects your intelligence (+6).
   rElec:     It insulates you from electricity.
 P - a ring of poison resistance {rPois, !d}
   (You found it on level 3 of the Dungeon)
Wands
 d - a wand of digging (24)
   (You found it on level 9 of the Dungeon)
 i - a wand of iceblast (21)
   (You found it on level 3 of the Spider Nest)
 p - a wand of paralysis (42)
   (You took it off Maurice on level 12 of the Dungeon)
 y - a wand of mindburst (35)
   (You found it on level 2 of the Lair of Beasts)
Scrolls
 c - 8 scrolls of fog
 j - 7 scrolls of fear
 x - 25 scrolls of identify {@r1}
 D - 2 scrolls of blinking {!r}
 K - 6 scrolls of immolation {!r}
 O - 3 scrolls of silence
 V - 4 scrolls of vulnerability {!r!r}
 X - 10 scrolls of magic mapping {@r4!r}
 Y - 10 scrolls of teleportation {@r3}
 Z - a scroll of holy word {!r}
Potions
 f - 4 potions of invisibility
 h - a potion of cancellation
 k - a potion of might
 u - 2 potions of lignification {!q}
 B - 5 potions of brilliance
 G - 4 potions of ambrosia {!q}
 H - 9 potions of haste
 J - 16 potions of curing {@q1}
 L - 10 potions of flight
 M - 4 potions of magic
 N - 5 potions of heal wounds {@q2}
 R - 4 potions of resistance
 U - 3 potions of mutation {!q}
Miscellaneous
 l - a condenser vane (inert)
   (You bought it in a shop on level 15 of the Dungeon)
 m - a phantom mirror (inert)
   (You found it on level 3 of the Elven Halls)
 v - a lightning rod (1/4)
   (You bought it in a shop on level 1 of the Spider Nest)
 w - a phial of floods (inert)
   (You found it on level 1 of the Lair of Beasts)
 z - a box of beasts (inert)
   (You found it on level 1 of the Vaults)
 W - a piece from Xom's chessboard (15/15)
   (You found it on level 2 of the Swamp)


   Skills:
 + Level 16.5 Fighting
 - Level 8.5 Short Blades
 + Level 13.6 Dodging
 + Level 15.6 Stealth
 * Level 13.8 Shields
 + Level 15.7 Spellcasting
 * Level 20.8 Hexes
 + Level 10.7 Summonings
 + Level 9.8 Translocations
 + Level 15.5 Evocations


You had 34 spell levels left.
You knew the following spells:

 Your Spells              Type           Power      Damage    Failure   Level
a - Ensorcelled Hibernat  Hex/Ice        100%       N/A       0%          2
b - Blink                 Tloc           N/A        N/A       1%          2
c - Invisibility          Hex            46%        N/A       1%          6
d - Tukima's Dance        Hex            93%        N/A       0%          3
g - Apportation           Tloc           100%       N/A       0%          1
s - Summon Mana Viper     Hex/Summ       82%        N/A       1%          5

Your spell library contained the following spells:

 Spells                   Type           Power      Damage    Failure   Level
 Confusing Touch          Hex            93%        N/A       0%          3
 Portal Projectile        Hex/Tloc       100%       N/A       0%          3
 Animate Skeleton         Necr           42%        N/A       1%          1
 Beastly Appendage        Tmut           42%        N/A       1%          1
 Foxfire                  Conj/Fire      84%        2x1d8     1%          1
 Freeze                   Ice            84%        1d10      1%          1
 Magic Dart               Conj           84%        1d7       1%          1
 Pain                     Necr           84%        1d8       1%          1
 Sandblast                Erth           42%        2d11      1%          1
 Sting                    Tmut/Pois      84%        1d7       1%          1
 Corpse Rot               Necr/Air       N/A        N/A       1%          2
 Passwall                 Tmut/Erth      17%        N/A       1%          2
 Poisonous Vapours        Pois/Air       42%        N/A       1%          2
 Searing Ray              Conj           42%        3d4       1%          2
 Static Discharge         Conj/Air       21%        N/A       1%          2
 Sublimation of Blood     Necr           10%        N/A       1%          2
 Wereblood                Tmut           21%        N/A       1%          2
 Call Canine Familiar     Summ           68%        N/A       1%          3
 Dazzling Flash           Conj/Hex       100%       N/A       1%          3
 Inner Flame              Hex/Fire       67%        N/A       1%          3
 Lesser Beckoning         Tloc           32%        N/A       1%          3
 Fulminant Prism          Conj/Hex       33%        3d16      1%          4
 Iskenderun's Mystic Bla  Conj/Tloc      47%        2d10      1%          4
 Leda's Liquefaction      Hex/Erth       33%        N/A       1%          4
 Passage of Golubria      Tloc           N/A        N/A       1%          4
 Summon Ice Beast         Ice/Summ       50%        N/A       1%          4
 Manifold Assault         Tloc           65%        N/A       1%          5
 Metabolic Englaciation   Hex/Ice        33%        N/A       1%          5
 Summon Forest            Summ/Tloc      33%        N/A       1%          5
 Shadow Creatures         Summ           N/A        N/A       2%          6
 Conjure Flame            Conj/Fire      21%        6-21      3%          3
 Frozen Ramparts          Ice            42%        1d6       3%          3
 Ignite Poison            Fire/Tmut/Pois 21%        N/A       3%          3
 Spider Form              Tmut/Pois      10%        N/A       3%          3
 Stone Arrow              Conj/Erth      42%        3d9       3%          3
 Swiftness                Air            21%        N/A       3%          3
 Vampiric Draining        Necr           10%        2d7       3%          3
 Animate Dead             Necr           10%        N/A       13%         4
 Petrify                  Tmut/Erth      21%        N/A       13%         4
 Sticky Flame             Conj/Fire      21%        2d4       13%         4
 Malign Gateway           Summ/Tloc      33%        N/A       17%         7
 Alistair's Intoxication  Tmut/Pois      14%        N/A       36%         5
 Blade Hands              Tmut           10%        N/A       36%         5
 Bolt of Magma            Conj/Fire/Erth 10%        4d7       36%         5
 Borgnjor's Vile Clutch   Necr/Erth      10%        N/A       36%         5
 Excruciating Wounds      Necr           10%        N/A       36%         5
 Fireball                 Conj/Fire      10%        3d6       36%         5
 Freezing Cloud           Conj/Ice/Air   10%        6-21      36%         5
 Iskenderun's Battlesphe  Conj           21%        2d7       36%         5
 Lee's Rapid Deconstruct  Erth           10%        3d9*      36%         5
 Lightning Bolt           Conj/Air       10%        1d23      36%         5
 Haunt                    Necr/Summ      25%        N/A       80%         7
 Death Channel            Necr           10%        N/A       92%         6
 Eringya's Noxious Bog    Tmut/Pois      10%        N/A       92%         6
 Iron Shot                Conj/Erth      10%        9d3       92%         6
 Starburst                Conj/Fire      10%        6d5       92%         6
 Statue Form              Tmut/Erth      14%        N/A       92%         6
 Storm Form               Tmut/Air       10%        N/A       100%        7
 Ignition                 Fire           10%        3d5       100%        8
 Lehudib's Crystal Spear  Conj/Erth      10%        10d4      100%        8
 Maxwell's Capacitive Co  Air            10%        ∞         100%        8
 Necromutation            Tmut/Necr      10%        N/A       100%        8
 Chain Lightning          Conj/Air       10%        3d14      100%        9
 Death's Door             Necr           10%        N/A       100%        9
 Fire Storm               Conj/Fire      10%        8d3       100%        9
 Shatter                  Erth           10%        3d12*     100%        9
 Animate Armour           Summ/Erth      Unusable   N/A       N/A         4

Dungeon Overview and Level Annotations

Branches:
Dungeon (15/15)            Temple (0/1) D:5            Lair (6/6) D:8
  Swamp (4/4) Lair:4       Spider (4/4) Lair:2        Slime (0/5) Lair:6
    Orc (2/2) D:11            Elf (3/3) Orc:2        Vaults (3/5) D:14
  Crypt (0/3) Vaults:3     Depths (4/5) D:15        Ossuary (visited)
  IceCv (visited)         Volcano (visited)         Desolation (visited)
Gauntlet (visited)

Altars:
Ashenzari
Dithmenos
Elyvilon
Gozag
Hepliaklqana
Kikubaaqudgha
Sif Muna
Trog
Vehumet
Wu Jian
Xom
Zin
The Shining One
Beogh
Lugonu

Shops:
D:2 [   D:3 ::   D:8 *   D:15 ==*   Orc:2 ?:=[   Elf:3 *[=*   Lair:1 ?=
Spider:1 (**   Vaults:1 :   Vaults:3 [   Depths:2 [=[(

Portals:
Hell: Depths:1 Depths:2 Depths:3 Depths:4
Abyss: Depths:3
Pandemonium: Depths:3
Ziggurat: Depths:3

Annotations:
D:7 2 runed translucent doors, indyram44's ghost, novice DsDe
D:9 exclusion: orange crystal statue
Vaults:3 exclusion: curse skull


Innate Abilities, Weirdness & Mutations

You can breathe bolts of dispelling energy.
Your rich purple scales are hard. (AC +11)
You cannot fit into any form of body armour.
You are cold-blooded and may be slowed by cold attacks.
Your body sometimes deteriorates upon taking damage.
Your magical capacity is low. (-10% MP)
Your spells are a little easier to cast, but a little less powerful.


Message History

You take 22 damage, and have 98/203 hp.
You hit the caustic shrike. You burn the caustic shrike.
Your tail-slap misses the caustic shrike.
The caustic shrike is engulfed in freezing vapours.
You block the caustic shrike's attack.
The caustic shrike is engulfed in freezing vapours.
You block the caustic shrike's attack.
The caustic shrike is engulfed in freezing vapours.
The caustic shrike barely misses you.
You closely miss the caustic shrike. You closely miss the caustic shrike.
The caustic shrike claws you but does no damage.
The caustic shrike is engulfed in freezing vapours.
The caustic shrike claws you but does no damage.
The caustic shrike is engulfed in freezing vapours.
The caustic shrike claws you!!
You are splashed with acid.
You resist.
You take 25 damage, and have 75/203 hp.
You completely miss the caustic shrike.
Your tail-slap misses the caustic shrike.
The caustic shrike is engulfed in freezing vapours.
You block the caustic shrike's attack.
The caustic shrike is engulfed in freezing vapours.
The caustic shrike barely misses you.
The caustic shrike is engulfed in freezing vapours.
The caustic shrike barely misses you.
You miss the caustic shrike. You puncture the caustic shrike!
You kill the caustic shrike!
The caustic shrike is engulfed in freezing vapours.
You block the caustic shrike's attack.
The caustic shrike is engulfed in freezing vapours.
The caustic shrike completely misses you.
Your phial of floods has recharged.
Aim the phial where?
Aim: a caustic shrike (freezing vapour, moderately wounded)
The torrent of water hits the caustic shrike!!!
The caustic shrike is knocked back by the torrent of water.
The wave splashes down.
Splash!
You fall into the shallow water.
Moving in this stuff is going to be slow.
The caustic shrike is engulfed in water. x2
The caustic shrike is engulfed in freezing vapours.
You block the caustic shrike's attack.
The caustic shrike is engulfed in freezing vapours. x2
You block the caustic shrike's attack.
You regained 2 hp, and now have 80/203 hp.
Unknown command.
Okay, then.
Aim: a caustic shrike (freezing vapour, severely wounded, waterlogged)
The thunderbolt hits the caustic shrike.
The caustic shrike is engulfed in freezing vapours.
The caustic shrike claws you but does no damage.
The caustic shrike is engulfed in freezing vapours.
The caustic shrike claws you!
You are splashed with acid.
You resist.
The caustic shrike is engulfed in freezing vapours.
The caustic shrike claws you but does no damage.
The caustic shrike is engulfed in freezing vapours.
The caustic shrike closely misses you.
You take 14 damage, and have 66/203 hp.
Aim: a caustic shrike (freezing vapour, heavily wounded, waterlogged)
The thunderbolt hits the caustic shrike! x2
The caustic shrike is engulfed in freezing vapours.
You block the caustic shrike's attack.
The caustic shrike is engulfed in freezing vapours.
The caustic shrike closely misses you.
The caustic shrike is engulfed in freezing vapours.
The caustic shrike claws you!!
* * * LOW HITPOINT WARNING * * *
You are splashed with acid.
You resist.
* * * LOW HITPOINT WARNING * * *
The caustic shrike is engulfed in freezing vapours.
The caustic shrike misses you.
You take 18 damage, and have 48/203 hp.
Aim: a caustic shrike (freezing vapour, almost dead, waterlogged)
The thunderbolt hits the caustic shrike! x2
The caustic shrike closely misses you.
The caustic shrike is engulfed in freezing vapours.
The caustic shrike claws you but does no damage.
The caustic shrike is engulfed in freezing vapours.
The caustic shrike claws you!!
* * * LOW HITPOINT WARNING * * *
You are splashed with acid.
You resist.
* * * LOW HITPOINT WARNING * * *
The caustic shrike is engulfed in freezing vapours.
You block the caustic shrike's attack.
You take 29 damage, and have 19/203 hp.
You feel much better.
N - 5 potions of heal wounds {@q2} The caustic shrike is engulfed in freezing vapours.
You kill the caustic shrike!
The caustic shrike is engulfed in freezing vapours.
The caustic shrike claws you!
* * * LOW HITPOINT WARNING * * *
The acid corrodes you!
You are splashed with acid.
You resist.
* * * LOW HITPOINT WARNING * * *
The caustic shrike is engulfed in freezing vapours.
The caustic shrike claws you!!
You die...
Your body crumbles into a pile of gold.

......<.......
.......#######
.......#....#
.......#....#
.......'....#
.......###'#########
'###........≈.§.§..#
...#.......§§≈§§b..#
.).#......$§§≈§§@..#
>..#.......§§§§§§..#
####.......P.≈≈≈≈P.#
..#########≈≈≈≈≈P..#
..# ##≈≈≈≈≈≈P≈# ..#
#..$♣♣≈♣≈≈## ..#
#≈≈≈≈♣♣≈≈.≈# ..#
b≈≈≈♣♣P♣≈♣≈≈### ###
#bbPP♣PPP≈≈≈≈≈≈.#


You could see a caustic shrike (waterlogged).

Vanquished Creatures
  2 dread liches (Depths:3)
  Mara (Swamp:3)
  A juggernaut (Depths:2)
  2 caustic shrikes (Depths:4)
  The ghost of Cozefen the Warrior, an adept DgCj (Depths:3)
  The ghost of Kisuacos the Sorcerer, a veteran SpVM of Ashenzari (Depths:1)
  2 tentacled monstrosities
  3 liches (Depths:3)
  3 deep elf blademasters
  A titan (Depths:2)
  2 deep elf master archers (Elf:3)
  5 sphinxes
  A storm dragon (Vaults:3)
  2 thorn hunters
  2 shadow dragons
  A tengu reaver (Vaults:1)
  Kirke (Swamp:1)
  Roxanne (Swamp:1)
  7 frost giants
  Donald (Orc:2)
  4 fenstrider witches
  5 fire giants
  2 deep elf sorcerers (Elf:3)
  An imperial myrmidon (Desolation)
  7 vault wardens
  2 orc warlords (Vaults:3)
  6 emperor scorpions
  6 deep elf elementalists
  A war gargoyle (Vaults:1)
  9 ironbound preservers
  6 ghost moths
  4 ghouls
  14 very ugly things
  A reaper (Swamp:4)
  9 stone giants
  3 vampire knights
  3 deep elf demonologists (Elf:3)
  7 deep elf annihilators (Elf:3)
  Nessos (Lair:4)
  A white draconian (IceCv)
  A lorocyproca (Depths:3)
  12 spark wasps
  5 bunyips
  A minotaur (Gauntlet)
  2 entropy weavers
  8 dire elephants
  A halazid warlock (Desolation)
  Snorg (D:12)
  11 deep elf death magi
  2 crystal guardians (Desolation)
  3 eleionomae
  6 ettins
  A merfolk javelineer (Depths:4)
  A green death (Swamp:4)
  4 shambling mangroves (Swamp:4)
  6 ragged hierophants (Desolation)
  5 fire dragons
  8 ice dragons
  3 great orbs of eyes
  4 yaktaur captains
  3 deep elf high priests
  4 vault guards
  4 ogre magi
  Fannar (Orc:1)
  6 boulder beetles
  8 servants of whispers (Desolation)
  3 rakshasas (Depths:2)
  2 ghost crabs
  6 ironbound thunderhulks
  10 ironbound frosthearts
  10 peacekeepers
  13 hydras
  A spriggan air mage (Depths:2)
  Erica (Lair:2)
  7 centaur warriors
  2 death knights
  A two-headed ogre (shapeshifter) (Vaults:3)
  3 two-headed ogres
  10 alligators
  7 death yaks (Lair:3)
  6 deep troll earth magi
  5 deep troll shamans
  Urug (D:12)
  An orc high priest (Elf:3)
  A vampire mage (Depths:1)
  A hell hog (Gauntlet)
  7 tengu warriors
  2 spriggan berserkers
  A soul eater (Swamp:4)
  4 ironbound beastmasters
  Nergalle (D:10)
  13 deep elf knights
  A spectral death yak (Lair:6)
  6 iron trolls
  4 skeletal warriors (D:14)
  4 goliath frogs
  32 deep trolls
  4 sixfirhies (Gauntlet)
  A spectral anaconda (Lair:6)
  7 spriggan druids
  5 bog bodies
  A torturous demonspawn (Depths:3)
  An orange crystal statue (IceCv)
  3 glowing orange brains
  4 swamp dragons
  4 large abominations (Elf:1)
  A golden dragon skeleton (Depths:1)
  5 phantasmal warriors
  3 harpies (Vaults:1)
  23 wolf spiders
  29 deep elf pyromancers
  21 ironbound convokers
  5 lindwurms
  Pikel (D:7)
  3 orc knights
  24 deep elf zephyrmancers
  13 orb spiders
  11 orc sorcerers
  6 necromancers
  9 wizards
  7 deep elf archers
  2 obsidian statues
  60 ugly things
  2 oklob plants (Lair:6)
  2 will-o-the-wisps (Swamp:2)
  3 manticores
  A salamander (Depths:3)
  5 cyclopes
  11 elephants
  A moth of wrath (shapeshifter) (Elf:3)
  Maurice (D:12)
  7 vault sentinels
  A naga mage (D:15)
  2 black mambas
  3 guardian serpents (Desolation)
  3 torpor snails
  5 molten gargoyles
  A gargoyle (D:11)
  2 orange demons (Swamp:4)
  5 cane toads
  A storm dragon simulacrum (Depths:1)
  15 rime drakes
  An efreet (D:13)
  13 demonic crawlers
  17 yaktaurs
  Psyche (D:10)
  7 komodo dragons
  A kobold demonologist (D:12)
  4 tengu conjurers
  An ice devil (Depths:3)
  25 jumping spiders
  4 hellwings
  A bloated husk (Swamp:1)
  7 polar bears
  3 trolls
  3 meliai (Spider:2)
  6 tyrant leeches
  56 saltlings (Desolation)
  32 hornets
  39 slime creatures
  12 dream sheep
  A spectral elephant (Lair:6)
  12 blink frogs
  An ettin skeleton (Depths:1)
  An air elemental (Elf:3)
  A centaur simulacrum (D:15)
  11 water elementals
  60 redbacks
  5 shadows
  A vampire (D:9)
  23 spriggans
  24 tarantellas
  2 wraiths
  44 yaks
  3 fire elementals
  2 wyverns (Lair:4)
  4 hogs (Swamp:1)
  3 basilisks
  13 fire bats
  Grum (D:8)
  Menkaure (D:7)
  A neqoxec (Swamp:4)
  3 chaos spawn
  3 wargs
  A steam dragon (D:9)
  12 vampire mosquitoes
  An acid dragon (D:10)
  13 swamp worms
  A floating eye (shapeshifter) (Depths:3)
  18 water moccasins
  3 hell hounds (Gauntlet)
  22 orc warriors
  A hornet zombie (D:6)
  2 swamp drakes
  A black bear (D:8)
  An ice dragon simulacrum (Depths:1)
  7 ogres
  A necrophage (Swamp:3)
  19 wolves
  An elephant zombie (Lair:6)
  11 centaurs
  13 bullfrogs
  A kobold brigand (D:9)
  4 elf zombies
  A wyvern zombie (D:9)
  4 earth elementals
  3 scorpions
  A water moccasin zombie (D:5)
  2 cane toad simulacra (Lair:6)
  A wyvern skeleton (D:7)
  A water moccasin skeleton (D:4)
  6 wights
  6 howler monkeys
  3 electric eels
  A crimson imp (D:12)
  10 lava snakes
  8 centaur zombies
  A centaur skeleton (D:6)
  2 hounds
  8 orc priests
  4 jellies
  A human zombie (Ossuary)
  5 iguanas
  31 orc wizards
  6 hell rats (Lair:6)
  2 hound zombies
  4 mummies (Ossuary)
  A howler monkey zombie (D:6)
  7 adders
  7 gnolls
  2 shadow imps
  2 white imps
  An adder zombie (D:2)
  An adder skeleton (D:4)
  3 worms
  2 dart slugs
  79 orcs
  7 bats
  A bat skeleton (D:2)
  5 bat zombies (D:2)
  11 endoplasms
  7 giant cockroaches
  3 gnoll zombies (Ossuary)
  3 goblins (D:1)
  2 hobgoblins
  5 quokkas
  8 ball pythons
  2 ball python zombies (D:2)
  6 frilled lizards
  A goblin zombie (Ossuary)
  A hobgoblin zombie (Ossuary)
  A jackal skeleton (D:4)
  A jackal zombie (Ossuary)
  22 kobolds
  A kobold zombie (Ossuary)
  10 rats
  2 rat zombies (Ossuary)
  A fire vortex (Depths:1)
1635 creatures vanquished.

Vanquished Creatures (collateral kills)
  A juggernaut (Depths:3)
  2 caustic shrikes (Depths:4)
  Nikola (Elf:3)
  A tentacled monstrosity (Swamp:3)
  An iron giant (Depths:1)
  A lich (Depths:3)
  A storm dragon (Depths:3)
  A thorn hunter (Swamp:4)
  A fire giant (Depths:2)
  2 frost giants (Depths:4)
  An imperial myrmidon (Desolation)
  A deep elf elementalist (Elf:3)
  A vault warden (Vaults:3)
  A war gargoyle (Vaults:3)
  2 stone giants
  A bunyip (Swamp:4)
  A red draconian (Volcano)
  An ettin (Depths:2)
  A deep elf high priest (Elf:3)
  An ice dragon (Depths:2)
  A rakshasa (Depths:2)
  A servant of whispers (Desolation)
  2 peacekeepers
  5 ironbound frosthearts (IceCv)
  A two-headed ogre (D:11)
  A tengu warrior (Depths:2)
  A spectral dire elephant (Lair:6)
  2 soul eaters (Swamp:4)
  A death drake (Swamp:4)
  A spriggan druid (Swamp:4)
  A bog body (Swamp:4)
  A wizard (Vaults:1)
  A deep troll (Depths:1)
  2 yaktaurs
  A rime drake (Depths:4)
  A wind drake (shapeshifter) (Depths:3)
  A hornet (Swamp:4)
  9 saltlings (Desolation)
  A centaur (Volcano)
  An elephant simulacrum (Lair:6)
  A wight (D:6)
  An orc (D:11)
60 creatures vanquished.

Vanquished Creatures (others)
  2 yaktaur captains (Vaults:2)
  A deep elf knight (Elf:2)
  A glowing orange brain (shapeshifter) (Depths:2)
  A spriggan druid (Swamp:4)
  A wizard (Vaults:2)
  A deep elf pyromancer (Elf:3)
  A deep elf zephyrmancer (Elf:1)
  An ugly thing (D:15)
  A yaktaur (Vaults:2)
  A jumping spider (Spider:3)
  A bloated husk (Swamp:2)
  2 blink frogs
  A saltling (Desolation)
  A water elemental (Elf:3)
  25 dancing weapons
  3 orcs
  3 ball lightnings (Depths:1)
  3 briar patches (Swamp:2)
  A bush (Lair:3)
  13 foxfires (Swamp:2)
  15 fungi
  54 plants
  9 toadstools (D:3)
  29 withered plants
171 creatures vanquished.

Grand Total: 1866 creatures vanquished

Notes
Turn   | Place    | Note
-------+----------+-------------------------------------------
     0 | D:1      | HilariousDeathArtist the Draconian Enchanter began the
                  | quest for the Orb.
     0 | D:1      | Reached XP level 1. HP: 14/14 MP: 3/3
   175 | D:1      | HP: 2/15 [hobgoblin (4)]
   202 | D:1      | HP: 2/15 [goblin (1)]
   462 | D:1      | Reached XP level 2. HP: 22/22 MP: 5/5
   465 | D:1      | Learned a level 2 spell: Ensorcelled Hibernation
   474 | D:1      | Reached skill level 1 in Fighting
   528 | D:1      | Reached skill level 3 in Stealth
   793 | D:1      | Learned a level 2 spell: Blink
   826 | D:1      | Reached XP level 3. HP: 20/28 MP: 6/6
  1198 | D:2      | Reached skill level 2 in Short Blades
  1300 | D:2      | Reached skill level 2 in Fighting
  1313 | D:2      | Reached XP level 4. HP: 13/36 MP: 4/7
  1624 | D:2      | Found Rong's Armour Emporium.
  2305 | D:2      | Found a faded altar of an unknown god.
  2309 | D:2      | Became a worshipper of Gozag Ym Sagoz the Greedy
  2375 | D:3      | Found Vaynouc's Book Emporium.
  2387 | D:3      | Found Quipudd's Book Boutique.
  2467 | D:3      | Reached XP level 5. HP: 38/44 MP: 8/8
  2649 | D:3      | Reached skill level 3 in Fighting
  2796 | D:3      | Reached skill level 3 in Short Blades
  2796 | D:3      | Reached skill level 4 in Stealth
  3515 | D:3      | Reached XP level 6. HP: 46/52 MP: 9/9
  3676 | D:4      | Reached skill level 4 in Fighting
  3807 | D:4      | Reached skill level 4 in Short Blades
  3914 | D:4      | Reached skill level 5 in Stealth
  3914 | D:4      | Your scales start taking on a rich purple colour.
  3914 | D:4      | Reached skill level 3 in Hexes
  3914 | D:4      | Reached XP level 7. HP: 57/60 MP: 10/10
  3932 | D:4      | HP: 15/60 [gnoll (7)]
  4240 | D:4      | Learned a level 3 spell: Tukima's Dance
  4457 | D:4      | Found an ornate altar of the Wu Jian Council.
  4831 | D:4      | Reached skill level 5 in Fighting
  5204 | D:5      | Entered Level 5 of the Dungeon
  5275 | D:5      | Found a staircase to the Ecumenical Temple.
  5365 | D:5      | Reached skill level 5 in Short Blades
  5498 | D:5      | Found a sand-covered staircase.
  5505 | Ossuary  | Entered an ossuary
  5803 | Ossuary  | Reached XP level 8. HP: 65/70 MP: 11/11
  5867 | Ossuary  | Reached skill level 6 in Stealth
  6219 | D:5      | Found a broken altar of Ashenzari.
  6302 | D:5      | Reached skill level 2 in Dodging
  6318 | D:5      | Reached skill level 6 in Fighting
  6952 | D:5      | Found a glowing silver altar of Zin.
  6952 | D:5      | Found a glowing golden altar of the Shining One.
  6952 | D:5      | Found a white marble altar of Elyvilon.
  7315 | D:6      | HP: 17/70 [centaur zombie (1)]
  7330 | D:6      | Gained mutation: Your body sometimes deteriorates upon
                  | taking damage. [potion of mutation]
  7330 | D:6      | Gained mutation: Your spells are a little easier to cast,
                  | but a little less powerful. [potion of mutation]
  7333 | D:6      | Reached skill level 1 in Shields
  7337 | D:6      | Reached skill level 6 in Short Blades
  7337 | D:6      | Reached skill level 3 in Dodging
  7364 | D:6      | Reached skill level 1 in Evocations
  7393 | D:6      | Identified the +5 quarterstaff "Alein" {venom, rF+}
  8086 | D:6      | Reached XP level 9. HP: 78/78 MP: 10/12
  8216 | D:6      | Reached skill level 2 in Shields
  8285 | D:6      | Found an ancient bone altar of Kikubaaqudgha.
  8516 | D:7      | Reached skill level 2 in Evocations
  8719 | D:7      | Noticed Pikel
  8744 | D:7      | Killed Pikel
  8745 | D:7      | Reached skill level 7 in Fighting
  8745 | D:7      | Reached skill level 7 in Stealth
  8745 | D:7      | Reached skill level 3 in Spellcasting
  8745 | D:7      | Reached skill level 4 in Hexes
  8856 | D:7      | Found a large runed translucent door.
  8858 | D:7      | Found a large runed translucent door.
  8861 | D:7      | Noticed indyram44's ghost (novice DsDe)
  8898 | D:7      | Noticed Menkaure
  9247 | D:7      | Killed Menkaure
  9606 | D:8      | Found a staircase to the Lair.
  9616 | D:8      | Reached skill level 4 in Dodging
  9689 | D:8      | Reached skill level 3 in Evocations
  9852 | D:8      | Found an opulent altar of Gozag.
  9865 | D:8      | Noticed a two-headed ogre
  9885 | D:8      | HP: 10/75 [orc priest/divine providence (13)]
  9886 | D:8      | HP: 2/75 [orc priest/divine providence (8)]
 10308 | D:8      | Reached skill level 3 in Shields
 10606 | D:8      | Found Yhiproni's Serpentskin Sales.
 10785 | D:8      | Reached skill level 4 in Spellcasting
 10793 | D:8      | Killed a two-headed ogre
 10794 | D:8      | Reached skill level 7 in Short Blades
 10794 | D:8      | Reached XP level 10. HP: 29/86 MP: 3/16
 11161 | D:8      | Found a hazy altar of Hepliaklqana.
 11335 | D:8      | Noticed Grum
 11511 | D:7      | Reached skill level 5 in Hexes
 11741 | D:8      | HP: 14/88 [Grum (11)]
 11745 | D:8      | Killed Grum
 12582 | D:9      | Found a shimmering blue altar of Sif Muna.
 12653 | D:9      | Noticed an orange crystal statue
 12665 | D:9      | Reached skill level 4 in Evocations
 12680 | D:9      | Reached skill level 4 in Shields
 12942 | D:9      | Found a bloodstained altar of Trog.
 13044 | D:9      | Reached skill level 8 in Fighting
 13044 | D:9      | Reached skill level 6 in Hexes
 13048 | D:9      | Reached skill level 5 in Spellcasting
 13314 | D:9      | Reached skill level 8 in Stealth
 13445 | D:9      | Reached skill level 5 in Dodging
 13949 | D:10     | Entered Level 10 of the Dungeon
 14014 | D:10     | Noticed Psyche
 14028 | D:10     | Killed Psyche
 14146 | D:10     | Noticed Nergalle
 14152 | D:10     | Killed Nergalle
 14153 | D:10     | Reached XP level 11. HP: 94/94 MP: 17/19
 14171 | D:10     | Noticed a two-headed ogre
 14380 | D:10     | Reached skill level 7 in Hexes
 14380 | D:10     | Reached skill level 5 in Evocations
 15176 | D:10     | Killed a two-headed ogre
 15370 | D:11     | Learned a level 6 spell: Invisibility
 15435 | D:11     | Reached skill level 8 in Short Blades
 15666 | D:11     | Noticed a boulder beetle
 16104 | D:11     | Noticed a death knight
 16121 | D:11     | HP: 20/95 [death knight (8)]
 16122 | D:11     | Killed a death knight
 16123 | D:11     | Reached skill level 6 in Spellcasting
 16579 | D:11     | Found a staircase to the Orcish Mines.
 16589 | D:11     | Noticed a two-headed ogre
 16607 | D:11     | Reached skill level 8 in Hexes
 16620 | D:11     | Killed a two-headed ogre
 17855 | Lair:1   | Entered Level 1 of the Lair of Beasts
 18171 | Lair:1   | Found a dark tunnel.
 18180 | Lair:1   | Bought 2 scrolls of summoning for 228 gold pieces
 18185 | Volcano  | Entered a volcano
 18220 | Volcano  | Reached skill level 9 in Fighting
 18270 | Volcano  | Reached skill level 6 in Evocations
 18281 | Volcano  | HP: 21/97 [lava snake/glob of lava (9)]
 18283 | Volcano  | Reached skill level 6 in Dodging
 18917 | Volcano  | Noticed a red draconian
 18945 | Volcano  | Noticed a centaur warrior
 18947 | Volcano  | Killed a red draconian
 18948 | Volcano  | Reached skill level 9 in Stealth
 18948 | Volcano  | Reached XP level 12. HP: 60/104 MP: 20/22
 18963 | Volcano  | Killed a centaur warrior
 18966 | Volcano  | Found a burning altar of Makhleb.
 19277 | Volcano  | Reached skill level 9 in Hexes
 19401 | Lair:1   | Bought a scroll of enchant weapon for 90 gold pieces
 19797 | Lair:1   | Noticed Sonja
 19801 | Lair:1   | Noticed Sonja
 19801 | Lair:1   | Sonja changed into Sonja the hornet
 19808 | Lair:1   | Killed Sonja the hornet
 19922 | Lair:2   | Noticed a six-headed hydra
 19947 | Lair:2   | Reached skill level 7 in Spellcasting
 19956 | Lair:1   | HP: 23/104 [six-headed hydra (9)]
 20426 | Lair:2   | Identified the +3 tower shield "Detes" {+Blink}
 20430 | Lair:2   | Identified the +4 scythe of Duty {vorpal, Drain rElec rN+}
 20522 | Lair:2   | Found a hole to the Spider Nest.
 20574 | Lair:2   | Noticed an eight-headed hydra
 20907 | Lair:2   | Killed an eight-headed hydra
 20947 | Lair:2   | Noticed Erica
 20958 | Lair:2   | Killed Erica
 21647 | Lair:3   | Noticed a death yak
 21650 | Lair:3   | Noticed a death yak
 21654 | Lair:3   | Noticed a death yak
 21658 | Lair:3   | Noticed a death yak
 21661 | Lair:3   | Noticed a death yak
 21667 | Lair:3   | Reached skill level 7 in Evocations
 21680 | Lair:3   | Noticed a six-headed hydra
 21693 | Lair:3   | Noticed a death yak
 21717 | Lair:3   | Killed a death yak
 21718 | Lair:3   | Reached skill level 10 in Hexes
 21738 | Lair:3   | Killed a death yak
 21748 | Lair:3   | Killed a death yak
 21750 | Lair:3   | Killed a death yak
 21753 | Lair:3   | Killed a six-headed hydra
 21754 | Lair:3   | Reached skill level 7 in Dodging
 21770 | Lair:3   | Killed a death yak
 21771 | Lair:3   | Reached skill level 10 in Fighting
 21780 | Lair:3   | Killed a death yak
 22196 | Lair:3   | Reached skill level 8 in Spellcasting
 22463 | Lair:3   | Noticed a death yak
 22467 | Lair:3   | Reached XP level 13. HP: 113/113 MP: 25/25
 23292 | Lair:4   | Reached skill level 11 in Hexes
 23664 | Lair:4   | Found a staircase to the Swamp.
 23712 | Lair:4   | Reached skill level 10 in Stealth
 23718 | Lair:4   | Reached skill level 8 in Evocations
 23731 | Lair:4   | Noticed Nessos
 24032 | Lair:4   | Killed Nessos
 24668 | Lair:4   | Found a glowing silver altar of Zin.
 25510 | Lair:5   | Found a shimmering altar of Xom.
 25728 | Lair:5   | Reached skill level 9 in Spellcasting
 26361 | Lair:5   | Reached skill level 12 in Hexes
 26539 | Lair:5   | You fall into a shaft and drop 1 floor!
 26539 | Lair:6   | Entered Level 6 of the Lair of Beasts
 26540 | Lair:6   | Noticed a dire elephant
 26547 | Lair:6   | Found a staircase to the Slime Pits.
 26740 | Lair:5   | Reached skill level 8 in Dodging
 27512 | Lair:6   | Reached skill level 11 in Fighting
 27515 | Lair:6   | Reached XP level 14. HP: 124/124 MP: 18/27
 27739 | Lair:6   | Reached skill level 9 in Evocations
 29146 | Lair:6   | Identified the +0 hat of Wisdom {+Blink rCorr}
 29517 | Lair:6   | Identified the +1 kite shield of Zumoeleo {rN+ rCorr Str+2
                  | Stlth+}
 30559 | D:12     | Reached skill level 13 in Hexes
 30865 | D:12     | Noticed Urug
 30873 | D:12     | Killed Urug
 30874 | D:12     | Reached skill level 11 in Stealth
 30963 | D:12     | Identified the +11 chain mail of Melancholy {rPois rN+
                  | Int-4}
 30977 | D:12     | Noticed Snorg
 30982 | D:12     | Killed Snorg
 31044 | D:12     | Reached skill level 10 in Spellcasting
 31202 | D:12     | Noticed Maurice
 31221 | D:12     | Killed Maurice
 31564 | Orc:1    | Entered Level 1 of the Orcish Mines
 31875 | Orc:1    | Noticed Fannar
 31949 | Orc:1    | HP: 21/124 [Fannar (17)]
 31951 | Orc:1    | Killed Fannar
 32316 | Orc:2    | Entered Level 2 of the Orcish Mines
 32316 | Orc:2    | Found a staircase to the Elven Halls.
 32334 | Orc:2    | Found a gate leading to a gauntlet.
 32344 | Gauntlet | Entered a Gauntlet
 32344 | Gauntlet | Found a transporter.
 32344 | Gauntlet | Found a transporter.
 32350 | Gauntlet | Found a transporter.
 32360 | Gauntlet | Found a transporter.
 32372 | Gauntlet | Found a transporter.
 32380 | Gauntlet | Found a transporter.
 32397 | Gauntlet | Found a transporter.
 32405 | Gauntlet | Found a transporter.
 32423 | Gauntlet | Found a transporter.
 32461 | Gauntlet | Found a transporter.
 32465 | Gauntlet | Found a transporter.
 32475 | Gauntlet | Found a transporter.
 32849 | Gauntlet | Identified the +1 pair of boots of Conscience {Regen+ Str+4
                  | Int+3}
 32887 | Gauntlet | Reached skill level 9 in Dodging
 32926 | Gauntlet | Identified the ring "Kuschauh" {rCorr SInv}
 32947 | Gauntlet | Identified the +2 morningstar of Res Nullius {elec, *Rage
                  | *Slow rC+ Str+5}
 32947 | Gauntlet | Identified the +1 scale mail "Sowicheb" {rElec rC++ Dex+3}
 32965 | Gauntlet | Reached skill level 5 in Shields
 33007 | Orc:2    | Reached skill level 10 in Evocations
 33120 | Orc:2    | Noticed Donald
 33143 | Orc:2    | Killed Donald
 33289 | Orc:2    | Reached XP level 15. HP: 128/132 MP: 29/29
 33719 | Orc:2    | Found Wowuyfuc's Antique Armour Shoppe.
 33775 | Orc:2    | Found a radiant altar of Vehumet.
 33786 | Orc:2    | Found Luti's Jewellery Emporium.
 33914 | Orc:2    | Found an ancient bone altar of Kikubaaqudgha.
 33930 | Orc:2    | Paralysed by an orc sorcerer for 7 turns
 34043 | Orc:2    | Found Zonic's Book Emporium.
 34044 | Orc:2    | Found Retid's Magic Scroll Shoppe.
 34448 | Orc:2    | Bought the amulet "Idepo" {rN+ Regen+ SInv} for 771 gold
                  | pieces
 34491 | Orc:2    | Bought an embroidered hat for 168 gold pieces
 34491 | Orc:2    | Bought a runed cloak for 180 gold pieces
 34491 | Orc:2    | Bought an embroidered scarf for 192 gold pieces
 34546 | Orc:2    | Bought 2 scrolls of enchant armour for 225 gold pieces
 34546 | Orc:2    | Bought a scroll of enchant armour for 112 gold pieces
 34546 | Orc:2    | Bought a scroll of teleportation for 45 gold pieces
 34546 | Orc:2    | Bought a scroll of teleportation for 45 gold pieces
 34546 | Orc:2    | Bought a scroll of teleportation for 45 gold pieces
 34546 | Orc:2    | Bought a scroll of magic mapping for 52 gold pieces
 34868 | D:2      | Bought a +0 pair of gloves for 63 gold pieces
 35755 | D:14     | Reached skill level 12 in Fighting
 36069 | D:14     | Reached skill level 14 in Hexes
 36879 | D:14     | Reached skill level 6 in Shields
 36924 | D:14     | Found a gate to the Vaults.
 37046 | D:14     | Found a shadowy altar of Dithmenos.
 37079 | D:15     | Entered Level 15 of the Dungeon
 37100 | D:15     | Identified the +3 war axe "Bebbuot" {flame, MP-9 Dex+5}
 37529 | D:15     | Reached skill level 11 in Spellcasting
 37817 | D:15     | Found a staircase to the Depths.
 38329 | Spider:1 | Entered Level 1 of the Spider Nest
 38459 | Spider:1 | Reached XP level 16. HP: 141/141 MP: 31/31
 38613 | Spider:1 | Reached skill level 11 in Evocations
 39036 | Spider:1 | Bought a potion of heal wounds for 90 gold pieces
 39036 | Spider:1 | Bought a lightning rod (4/4) for 540 gold pieces
 39218 | Spider:2 | Reached skill level 12 in Stealth
 39580 | Spider:2 | Reached skill level 15 in Hexes
 39627 | Spider:2 | Reached skill level 10 in Dodging
 40365 | Spider:3 | Reached skill level 7 in Shields
 42078 | Spider:4 | Entered Level 4 of the Spider Nest
 42147 | Spider:4 | Reached skill level 13 in Fighting
 43213 | Spider:4 | Reached skill level 12 in Spellcasting
 43213 | Spider:4 | Reached XP level 17. HP: 128/149 MP: 26/33
 43227 | Spider:4 | Reached skill level 8 in Shields
 43315 | Spider:4 | Got a gossamer rune of Zot
 43492 | Swamp:1  | Entered Level 1 of the Swamp
 43518 | Swamp:1  | Reached skill level 16 in Hexes
 43750 | Swamp:1  | Noticed Kirke
 43755 | Swamp:1  | Identified Roxanne's Almanac of Transformation
 43755 | Swamp:1  | Noticed Roxanne
 43767 | Swamp:1  | Killed Kirke
 43768 | Swamp:1  | Reached skill level 12 in Evocations
 44345 | Swamp:1  | Killed Roxanne
 44700 | Swamp:2  | HP: 14/150 [thorn hunter/volley of thorns (32)]
 45315 | Swamp:3  | Reached skill level 13 in Stealth
 45439 | Swamp:3  | Reached skill level 11 in Dodging
 45611 | Swamp:3  | Reached skill level 9 in Shields
 45651 | Swamp:3  | Noticed a tentacled monstrosity
 45688 | Swamp:3  | Killed a tentacled monstrosity
 46165 | Swamp:4  | Entered Level 4 of the Swamp
 46295 | Swamp:4  | Noticed Mara
 46494 | Swamp:3  | Noticed HilariousDeathArtist's illusion
 46519 | Swamp:3  | Killed Mara
 46520 | Swamp:3  | Reached skill level 1 in Translocations
 46520 | Swamp:3  | Reached XP level 18. HP: 121/159 MP: 34/34
 46624 | Swamp:4  | Noticed a tentacled monstrosity
 46669 | Swamp:3  | Killed a tentacled monstrosity
 46693 | Swamp:3  | Reached skill level 17 in Hexes
 46955 | Swamp:4  | Reached skill level 2 in Translocations
 47238 | Swamp:4  | Reached skill level 14 in Fighting
 47465 | Swamp:4  | Gained mutation: Your magical capacity is low. (-10% MP) [a
                  | neqoxec]
 47558 | Swamp:4  | Reached skill level 13 in Spellcasting
 47589 | Swamp:4  | Identified a scroll of acquirement
 47705 | Swamp:4  | Reached skill level 3 in Translocations
 47883 | Swamp:4  | Paralysed by a hornet for 3 turns
 48289 | Swamp:4  | Got a decaying rune of Zot
 48748 | Vaults:1 | Entered Level 1 of the Vaults
 48756 | Vaults:1 | Acquired 740 gold pieces
 48858 | Vaults:1 | Found Ehub's Book Shoppe.
 49043 | Vaults:1 | HP: 30/160 [deep troll[an ironbound preserver] (18)]
 49398 | Vaults:1 | Reached skill level 13 in Evocations
 50327 | Vaults:1 | Reached skill level 4 in Translocations
 50713 | Vaults:1 | Reached skill level 10 in Shields
 50777 | Vaults:2 | Reached XP level 19. HP: 116/168 MP: 32/32
 50836 | Vaults:2 | You fall into a shaft and drop 1 floor!
 51459 | Vaults:3 | HP: 37/168 [vault warden (6)]
 51463 | Vaults:3 | HP: 3/168 [vault warden/bolt (20)]
 51726 | Vaults:3 | Reached skill level 18 in Hexes
 51926 | Vaults:3 | Found a staircase to the Crypt.
 52009 | Vaults:3 | HP: 41/168 [??? (25)]
 52205 | Vaults:3 | Found Ikamymp's Antique Armour Emporium.
 52237 | Vaults:3 | HP: 42/168 [??? (26)]
 52241 | Vaults:3 | HP: 1/168 [phantasmal warrior[a curse skull] (23)]
 52740 | Vaults:2 | Reached skill level 5 in Translocations
 53533 | Vaults:2 | Reached skill level 14 in Stealth
 53704 | Vaults:2 | Reached skill level 12 in Dodging
 54740 | Vaults:3 | Reached skill level 14 in Spellcasting
 54760 | Vaults:3 | Reached XP level 20. HP: 121/177 MP: 16/34
 55133 | Vaults:3 | Reached skill level 6 in Translocations
 55204 | Vaults:3 | Learned a level 5 spell: Summon Mana Viper
 55534 | D:15     | Bought a condenser vane for 560 gold pieces
 55534 | D:15     | Bought a wand of acid (8) for 336 gold pieces
 55534 | D:15     | Bought a wand of paralysis (9) for 154 gold pieces
 55699 | Elf:1    | Entered Level 1 of the Elven Halls
 55728 | Elf:1    | Reached skill level 15 in Fighting
 55802 | Elf:1    | Found a frozen archway.
 55823 | Elf:1    | Reached skill level 1 in Summonings
 55836 | IceCv    | Entered an ice cave
 56112 | IceCv    | Reached skill level 2 in Summonings
 56483 | IceCv    | Reached skill level 14 in Evocations
 56648 | IceCv    | Reached skill level 11 in Shields
 56648 | IceCv    | Reached skill level 3 in Summonings
 56723 | IceCv    | Got the Volume of Snow
 57174 | Elf:1    | Got Vunwuf's Disquisition on Sinister Magic
 58323 | Elf:2    | Reached skill level 4 in Summonings
 58460 | Elf:2    | Reached skill level 19 in Hexes
 58769 | Elf:2    | Found a huge runed translucent gate.
 58769 | Elf:2    | Found a huge runed translucent gate.
 58770 | Elf:2    | Found a huge runed translucent gate.
 58771 | Elf:2    | Found a huge runed translucent gate.
 58785 | Elf:2    | Found a huge runed translucent gate.
 58864 | Elf:2    | Found a crumbling gateway.
 58894 | Desolati | Entered the Desolation of Salt
 58982 | Desolati | Reached skill level 7 in Translocations
 59327 | Desolati | Identified the ring "Tiurow" {Fly rCorr}
 59335 | Desolati | Got the Volume of Changing and the Oath
 59337 | Desolati | Identified the +9 longbow of the Crypt {freeze, Str+4}
 59340 | Desolati | Got Lehudib's Almanac of Attacks
 59407 | Desolati | Reached skill level 5 in Summonings
 59852 | Desolati | Identified the ring of Epyc {rC+ Str-2 Int+6}
 60074 | Desolati | Reached XP level 21. HP: 185/185 MP: 35/35
 60303 | Desolati | Reached skill level 6 in Summonings
 60327 | Desolati | Identified the +3 shortbow of Trial by Ordeal {freeze,
                  | rElec rF+ rC+ Str+3}
 60500 | Desolati | Identified the +11 hand crossbow of Propriety {penet,
                  | Int+2}
 60501 | Desolati | Identified the ring of Oleisor {rElec Int+6}
 60646 | Desolati | Identified the +10 hand crossbow of Wuzec {flame, +Blink}
 60684 | Elf:2    | Learned a level 1 spell: Apportation
 60855 | Elf:2    | HP: 40/185 [deep elf zephyrmancer/bolt of lightning (19)]
 61500 | Elf:3    | Entered Level 3 of the Elven Halls
 61550 | Elf:3    | Found Wusoac's Jewellery Shoppe.
 61550 | Elf:3    | Found Abaufusch's Armour Emporium.
 61555 | Elf:3    | Found Dafoup Naor's Assorted Antiques.
 61689 | Elf:3    | Bought a scorched lead ring for 130 gold pieces
 61689 | Elf:3    | Identified the ring of Qupaf {*Corrode Fly rF+ rN+++ Dex-4}
                  | (You bought it in a shop on level 3 of the Elven Halls)
 61689 | Elf:3    | Bought a scroll of enchant armour for 195 gold pieces
 61689 | Elf:3    | Bought a runed rapier for 182 gold pieces
 62045 | Elf:3    | Found a shimmering blue altar of Sif Muna.
 62153 | Elf:3    | Noticed Nikola
 62187 | Elf:3    | Found Akuenor's Mayhem Merchandise.
 62624 | Elf:3    | Reached skill level 7 in Summonings
 62675 | Elf:3    | Identified the +6 broad axe "Qucligal" {holy, rElec rPois
                  | Will-}
 62675 | Elf:3    | Identified the amulet "Uxirug" {Spirit Str+4 Int+3}
 62719 | Elf:3    | Reached skill level 8 in Translocations
 62844 | Elf:3    | Paralysed by an air elemental for 1 turns
 62860 | Elf:3    | Reached skill level 12 in Shields
 62867 | Elf:3    | Identified the +7 halberd of Sin {speed, SInv}
 62867 | Elf:3    | Identified the ring of Fun {rPois rF- rN+ Str+3 Slay+3}
 63253 | Elf:3    | Reached skill level 15 in Stealth
 63253 | Elf:3    | Reached skill level 15 in Spellcasting
 63264 | Elf:3    | Got the Guide on Creative Fire
 63295 | Elf:3    | Got the Incunabulum of the Unstable Rocks
 63301 | Elf:3    | Identified the +6 falchion of Wrongful Imprisonment {pain,
                  | rN+ rCorr Str+4}
 63394 | Elf:3    | Killed Nikola
 63395 | Elf:3    | Reached skill level 13 in Dodging
 63548 | D:11     | Reached skill level 8 in Summonings
 63690 | Depths:1 | Entered Level 1 of the Depths
 63690 | Depths:1 | Found a corrupted altar of Lugonu.
 63730 | Depths:1 | Found a runed translucent door.
 63951 | Depths:1 | Noticed Kisuacos's ghost (veteran SpVM)
 64098 | Depths:1 | Reached XP level 22. HP: 143/194 MP: 36/36
 64223 | Depths:1 | Reached skill level 20 in Hexes
 64599 | Depths:1 | Found a gateway to Hell.
 65023 | Depths:1 | Killed Kisuacos's ghost
 65095 | Depths:1 | Identified the +0 pair of boots of the Gravedigger {+Inv
                  | rC- rCorr}
 65144 | Depths:2 | Found Cill's Antique Weapon Emporium.
 65160 | Depths:2 | Reached skill level 16 in Fighting
 65211 | Depths:2 | Reached skill level 15 in Evocations
 65358 | Depths:2 | Reached skill level 9 in Summonings
 65532 | Depths:2 | Found Nuschuc's Armour Emporium.
 65532 | Depths:2 | Found Fuinkad's Jewellery Shoppe.
 65537 | Depths:2 | Found Pavvif Wifu's Armour Shoppe.
 66030 | Depths:2 | Noticed a juggernaut
 66084 | Depths:2 | Killed a juggernaut
 66255 | Depths:2 | Reached skill level 9 in Translocations
 66388 | Depths:3 | Reached skill level 13 in Shields
 66504 | Depths:3 | Noticed a juggernaut
 66591 | Depths:3 | Found a runed translucent gate.
 66591 | Depths:3 | Found a runed translucent gate.
 66591 | Depths:3 | Found an ancient bone altar of Kikubaaqudgha.
 66591 | Depths:3 | Found a runed translucent gate.
 66592 | Depths:3 | Noticed Cozefen's ghost (adept DgCj)
 66593 | Depths:3 | Noticed a dread lich
 66593 | Depths:3 | Noticed a dread lich
 66867 | Depths:3 | Identified the +2 leather armour of Dishonour {rCorr Dex+4
                  | Slay-6 Stlth+}
 67116 | Depths:3 | Found a one-way gate to the infinite horrors of the Abyss.
 67131 | Depths:3 | Found a gateway to a ziggurat.
 67374 | Depths:3 | Found a one-way gate leading to the halls of Pandemonium.
 67482 | Depths:3 | Killed a juggernaut
 67700 | Depths:3 | Reached skill level 10 in Summonings
 67710 | Depths:3 | Killed a dread lich
 67711 | Depths:3 | Reached XP level 23. HP: 197/203 MP: 38/38
 67716 | Depths:3 | Killed a dread lich
 67728 | Depths:3 | Killed Cozefen's ghost
 67759 | Depths:3 | Identified the ring of Yhuewkyte {rF+ rC+ rN++ Str-3
                  | Stlth+}
 67764 | Depths:3 | Identified the +0 pair of gloves "Vokhamoath" {Str+3}
 67769 | Depths:3 | Got Kikubaaqudgha's Grimoire of Stolen Souls
 68895 | Depths:4 | Noticed a caustic shrike
 68899 | Depths:4 | Noticed a caustic shrike
 68899 | Depths:4 | Noticed a caustic shrike
 68901 | Depths:4 | Noticed a caustic shrike
 68902 | Depths:4 | Noticed a caustic shrike
 68923 | Depths:4 | Killed a caustic shrike
 68928 | Depths:4 | Killed a caustic shrike
 68950 | Depths:4 | Killed a caustic shrike
 68953 | Depths:4 | HP: 50/203 [caustic shrike (18)]
 68954 | Depths:4 | HP: 22/203 [caustic shrike (28)]
 68955 | Depths:4 | Killed a caustic shrike
 68955 | Depths:4 | Slain by a caustic shrike

Illustrated notes

Levels and vault maps discovered:
D:1:      mrwooster_arrival_statue_3, layout_rooms, minivault_23,
          dk_noncrumbling_4, minmay_worlds_worst_comb
D:2:      layout_rooms, serial_undead, serial_undead_b, serial_undead_a,
          serial_undead_c, serial_undead_c, serial_undead_b, serial_undead_d,
          serial_undead_b, serial_undead_e, serial_undead_d, serial_undead_a,
          shapermc_ecumenical_altar_acropolis, serial_shops, shop
D:3:      cheibrodos_fertilizer, layout_basic, serial_shops,
          nicolae_shop_temple_entry_statues_fountains, shop
D:4:      layout_loops_corners, old_standard_altar
D:5:      layout_loops_ring, good_gods_mini_temple, nicolae_ashenzari_skybound,
          minmay_temple_entry_ruins, nicolae_ossuary_entry_monument,
          minmay_misc_feat_tiny
D:6:      layout_rooms, old_standard_altar, serial_bayou_pond_a, chequers_garden
D:7:      layout_basic, ebering_ghost_disaster_area, hangedman_decor_opposing,
          grunt_ministairs_11, uniq_pikel, uniq_menkaure
D:8:      layout_loops_corners, mainiacjoe_overflow_small_starburst,
          mainiacjoe_overflow_cross_hatched, lair_entry_dummy,
          chequers_serial_rivers_small_b, guppyfry_shop_venom, uniq_grum
D:9:      layout_loops_ring, tgw_sif, mainiacjoe_overflow_alcove_2,
          st_stairs_12, minivault_16
D:10:     layout_big_octagon, kennysheep_small_spiral,
          nicolae_underground_beach, uniq_psyche, uniq_nergalle
D:11:     layout_long_grid, hiddenorc1_lemuel, special_room [special_room_orc]
D:12:     layout_roguey, minmay_fire_ice_demons, uniq_urug, uniq_maurice,
          uniq_snorg
D:13:     layout_cave_pools
D:14:     layout_gridville, david_vaults_5, serial_co_window_serial,
          co_window_paths_a, co_window_corner_a, co_window_corner_a,
          co_window_paths_b, co_window_of_opportunity_a, co_window_broadway_a,
          co_window_of_opportunity_c, co_window_corner_b, co_window_corner_b,
          co_window_broadway_b, co_window_paths_c, co_window_corner_cb,
          co_window_sun, glass_columns_a, glass_columns_a, glass_columns_a,
          grunt_dithmenos_shadows
D:15:     hangedman_depths_entry_try_elsewhere_first, layout_cave_pools,
          nicolae_water_bricks
Lair:1:   layout_loops_ring, lightli_volcano_entry_magma_tube, uniq_sonja
Lair:2:   layout_chaotic_city, dummy_spider_entry, uniq_erica
Lair:3:   layout_chaotic_city, minmay_hedge_maze
Lair:4:   layout_layer_cave, minmay_swamp_entry_reptiles, basic_altar,
          nicolae_lair_grove_arrangements, grunt_megastairs_5, uniq_nessos
Lair:5:   layout_cave_pods, basic_altar
Lair:6:   due_jungle_book, layout_gridlike, minmay_slime_entry_oklob_open
Swamp:1:  layout_basic_swamp, infiniplex_staircase_pool_2, uniq_kirke,
          uniq_roxanne
Swamp:2:  layout_basic_swamp, evilmike_swamp_ruin_wall
Swamp:3:  cheibrodos_swamp_monstrosity, layout_basic_swamp,
          evilmike_swamp_ruin_house_4
Swamp:4:  nzn_swamp_witches_coven, layout_basic_swamp, swamp_pool3,
          infiniplex_staircase_pool, uniq_mara
Spider:1: layout_spider_delve
Spider:2: layout_spider_delve
Spider:3: layout_chambers, drop_trap
Spider:4: spider_rune_water
Orc:1:    layout_caves, basic_altar, uniq_fannar
Orc:2:    kennysheep_orc_mage_school, layout_diamond_mine,
          gauntlet_entry_generic, uniq_donald
Elf:1:    minmay_elf_arrival_summoners, layout_onion_city,
          portal_ice_cave_entry_pillars_2, minmay_elf_necromancy,
          hangedman_glass_teeth, drop_trap
Elf:2:    elven_hall_of_blades_hangedman_alternative
          [nicolae_blade_entry_crossed_weapons], layout_geoelf_grid,
          portal_desolation_entry_nicolae_slug
Elf:3:    elf_hall, layout_loops_ring, basic_altar, minmay_shop_mayhem,
          minmay_shop_star, uniq_nikola
Vaults:1: nicolae_vaults_back_hallway, vaults_mumra_lcd, ontoclasm_vaults_tryst,
          ontoclasm_vaults_ring_small, nicolae_vaults_sealed_display,
          vaults_room_hallway, nicolae_vaults_shelves_hall,
          vaults_mumra_minichess_inversion, nicolae_vaults_asterisk,
          layout_vaults_chaotic_city, serial_shops, shop_statue
Vaults:2: nicolae_vaults_three_branches, nicolae_vaults_mini_display_case,
          nicolae_vaults_little_squares_5, hangedman_vaults_stagger,
          vaults_room_octagon, vaults_room_ringed_pool,
          hangedman_vaults_stitches, hangedman_vaults_unwind, v_pattern_5,
          ontoclasm_vaults_pinch, nicolae_vaults_rhombus_5,
          hangedman_vaults_corner_blocks, vaults_room_door_ring,
          nicolae_vaults_diagonal_hallway_8,
          hangedman_vaults_stretched_pinwheel, nicolae_vaults_asterisk,
          layout_vaults_omnicross
Vaults:3: nicolae_vaults_rhombus_6, minmay_crypt_entry_simple_round,
          nicolae_vaults_network_quinsquares
          [nicolae_vaults_network_quincunx_subvault,
          nicolae_vaults_network_quincunx_subvault,
          nicolae_vaults_network_quincunx_subvault,
          nicolae_vaults_network_quincunx_subvault], hangedman_vaults_stream,
          nicolae_vaults_windows_and_doors_thing, v_misc_8,
          ontoclasm_vaults_misaligned, v_misc_3, nicolae_vaults_border_crossing,
          vaults_room_corners, v_misc_24, layout_vaults_omnigrid, serial_shops,
          nicolae_diamond_shop
Depths:1: layout_cave_pools, hellmonk_ghost_big_iron, grunt_hell_entry_dis_mu,
          chequers_serial_rivers_micro_b, tgw_lugonu_bribe
Depths:2: minmay_stepped, layout_gridlike, minmay_misc_feat_secret_circle,
          pf_hell_entry_tar_spiral, minmay_shoptagon
Depths:3: minmay_the_grid_four_pointed_star_mashed
          [minmay_the_grid_triangle_9x9_semitri,
          minmay_the_grid_triangle_9x9_descending_squares,
          minmay_the_grid_triangle_9x9_cache,
          minmay_the_grid_triangle_9x9_warning,
          minmay_the_grid_prize_inner_circle], layout_cave_pools,
          enter_ziggurat_b, hangedman_abyss_entry_splay, rand_demon_pan_entry_3,
          gammafunk_ghost_crypt, hell_entry, infiniplex_staircase_zigzag_4
Depths:4: gold_lair_mu, layout_gridville, abyss_entry, serial_bayou_lagoon_a,
          hell_entry, hangedman_abyss_or_decor_clamps, uniq_enchantress

Skill      XL: |  1  2  3  4  5  6  7  8  9 10 11 12 13 14 15 16 17 18 19 20 21 22 |
---------------+-------------------------------------------------------------------+-----
Fighting       | 1 2 3 4 5 6 7 8 9 10 11 12 13 14 15 16 | 16.5
Stealth        | 3 4 5 6 7 8 9 10 11 12 13 14 15 | 15.6
Short Blades   | 2 3 4 5 6 7 8 |  8.5
Hexes          | 3 4 6 8 10 12 13 14 15 16 17 18 19 20 | 20.8
Dodging        | 3 4 5 6 7 8 9 10 11 12 13 | 13.6
Shields        | 1 3 4 5 6 7 9 10 11 12 13 | 13.8
Evocations     | 1 3 4 6 7 8 10 11 12 13 14 15 | 15.5
Spellcasting   | 4 5 6 8 9 10 11 12 13 14 15 | 15.7
Translocations | 1 4 5 7 8 9 |  9.8
Summonings     | 5 8 10 | 10.7

Action                   |  1- 3 |  4- 6 |  7- 9 | 10-12 | 13-15 | 16-18 | 19-21 | 22-24 || total
-------------------------+-------+-------+-------+-------+-------+-------+-------+-------++-------
Melee: Dagger            |   141 |   184 |   513 |   739 |       |       |       |       ||  1577
       Tailslap          |    12 |    27 |    73 |   167 |   427 |   605 |   477 |   227 ||  2015
       Quick blade       |       |       |       |   294 |  2445 |  3133 |  3167 |  1265 || 10304
Throw: Stone             |     6 |       |       |       |       |       |       |       ||     6
       Dart              |       |       |    10 |       |       |       |       |     5 ||    15
       Throwing net      |       |       |       |       |       |     4 |       |       ||     4
 Cast: Ensorcelled Hiber |     5 |     5 |     3 |     8 |       |    11 |    54 |    17 ||   103
       Tukima's Dance    |       |       |    10 |     8 |     3 |     1 |     2 |       ||    24
       Invisibility      |       |       |       |     5 |    35 |    34 |    37 |     7 ||   118
       Blink             |       |       |       |       |       |     9 |    16 |     4 ||    29
       Summon Mana Viper |       |       |       |       |       |       |    18 |    17 ||    35
Invok: Call Merchant     |       |       |       |     2 |       |     3 |     3 |       ||     8
 Abil: Breathe Dispellin |       |       |    11 |     4 |     4 |       |       |     1 ||    20
Evoke: Wand              |       |       |     4 |    12 |     4 |     9 |    25 |    24 ||    78
       Phial of floods   |       |       |       |     1 |     4 |     4 |     5 |     6 ||    20
       Lightning rod     |       |       |       |       |       |    24 |    20 |    14 ||    58
       Piece from Xom's  |       |       |       |       |       |    18 |    17 |     7 ||    42
       Box of beasts     |       |       |       |       |       |     1 |    10 |     7 ||    18
       Condenser vane    |       |       |       |       |       |       |     5 |     7 ||    12
       Phantom mirror    |       |       |       |       |       |       |       |     6 ||     6
  Use: Potion            |     3 |       |    10 |     3 |     3 |     4 |     6 |     2 ||    31
       Scroll            |     1 |     2 |     8 |    12 |    12 |    10 |     8 |     3 ||    56
 Stab: Sleeping          |     8 |    10 |     9 |    14 |    47 |    55 |    97 |    14 ||   254
       Distracted        |       |     3 |     1 |     2 |    10 |    14 |    16 |    12 ||    58
       Invisible         |       |       |     1 |    31 |   175 |   180 |   219 |    37 ||   643
       Petrified         |       |       |       |       |     3 |       |       |       ||     3
       Paralysed         |       |       |       |       |       |     1 |     1 |     1 ||     3
       Confused          |       |       |       |       |       |       |     2 |       ||     2
Armor: Skin              |    32 |    40 |   111 |   140 |   380 |   747 |   405 |   151 ||  2006
Dodge: Dodged            |    68 |   107 |   212 |   301 |   726 |  1179 |   724 |   226 ||  3543
Block: Other             |    35 |    46 |    41 |       |       |       |       |       ||   122
       Reflection        |     1 |     1 |     1 |    12 |     7 |       |       |       ||    22
       Buckler           |       |       |   104 |   278 |   241 |       |       |       ||   623
       Kite shield       |       |       |       |       |   523 |  1147 |   776 |   284 ||  2730

Table legend: (Time is in decaauts)
 A = Elapsed time spent in this place.
 B = Non-inter-level travel time spent in this place.
 C = Inter-level travel time spent in this place.
 D = Time resting spent in this place.
 E = Time spent auto-exploring this place.
 F = Levels seen in this place.
 G = Mean time per level.
                   A        B        C        D        E       F      G
               +--------+--------+--------+--------+--------+-----+--------+
         Total |  62801 |  58648 |   4153 |  13541 |  30842 |  46 | 1365.2 |
       Dungeon |  22256 |  20132 |   2124 |   6240 |  10333 |  15 | 1483.7 |
          Lair |  10355 |   9773 |    582 |   2967 |   5152 |   6 | 1725.8 |
         Swamp |   4487 |   4215 |    272 |    416 |   2213 |   4 | 1121.8 |
   Spider Nest |   4492 |   4280 |    212 |    284 |   2748 |   4 | 1123.0 |
  Orcish Mines |   2207 |   2034 |    173 |    495 |    986 |   2 | 1103.5 |
   Elven Halls |   4297 |   4064 |    233 |    306 |   2380 |   3 | 1432.3 |
        Vaults |   5801 |   5473 |    328 |    841 |   3125 |   3 | 1933.7 |
        Depths |   4302 |   4077 |    225 |    713 |   2185 |   4 | 1075.5 |
       Ossuary |    482 |    482 |      0 |    158 |    211 |   1 |  482.0 |
      Ice Cave |    897 |    897 |      0 |    172 |    430 |   1 |  897.0 |
       Volcano |   1178 |   1178 |      0 |    567 |    307 |   1 | 1178.0 |
    Desolation |   1423 |   1423 |      0 |    133 |    533 |   1 | 1423.0 |
      Gauntlet |    618 |    618 |      0 |    247 |    238 |   1 |  618.0 |
               +--------+--------+--------+--------+--------+-----+--------+

Top non-repeatable levels by time:
  Lair:6: 2904 daAuts
Vaults:3: 2434 daAuts
    D:11: 2286 daAuts
     D:8: 2177 daAuts
    D:10: 1916 daAuts
     D:7: 1910 daAuts
  Lair:2: 1853 daAuts
Vaults:1: 1780 daAuts
 Swamp:4: 1695 daAuts
     D:9: 1680 daAuts
  Lair:3: 1641 daAuts
   Elf:3: 1618 daAuts
Spider:3: 1612 daAuts
  Lair:5: 1612 daAuts
Vaults:2: 1586 daAuts

Table legend:
 A = Kills in this place as a percentage of kills in entire the game.
 B = Kills by you in this place as a percentage of kills by you in the entire game.
 C = Kills by friends in this place as a percentage of kills by friends in the entire game.
 D = Other kills in this place as a percentage of other kills in the entire game.
 E = Experience gained in this place as a percentage of experience gained in the entire game.
 F = Experience gained in this place divided by the number of levels of this place that you have seen.
                   A       B       C       D       E      F
               +-------+-------+-------+-------+-------+----------------------
         Total | 100.0 | 100.0 | 100.0 | 100.0 | 100.0 | 19591.7
       Dungeon |  23.0 |  24.1 |   5.0 |   2.9 |   7.7 | 4656.3
          Lair |  10.1 |  10.5 |   3.3 |   2.9 |   6.3 | 9406.5
         Swamp |  10.2 |  10.2 |  15.0 |   0.0 |  12.6 | 28307.8
   Spider Nest |  10.8 |  11.4 |   0.0 |   2.9 |   8.7 | 19515.5
  Orcish Mines |   4.6 |   4.8 |   0.0 |   0.0 |   1.5 | 6814.0
   Elven Halls |   9.1 |   8.0 |   5.0 |  73.5 |  14.0 | 42006.0
        Vaults |  10.8 |  10.8 |   8.3 |  11.8 |  16.1 | 48302.7
        Depths |  10.3 |   9.7 |  30.0 |   2.9 |  23.5 | 52869.2
       Ossuary |   0.9 |   1.0 |   0.0 |   0.0 |   0.0 | 236.0
      Ice Cave |   2.3 |   2.1 |   8.3 |   0.0 |   2.8 | 25341.0
       Volcano |   1.1 |   1.0 |   5.0 |   0.0 |   0.5 | 4195.0
    Desolation |   6.1 |   5.7 |  20.0 |   2.9 |   5.7 | 51662.0
      Gauntlet |   0.7 |   0.7 |   0.0 |   0.0 |   0.7 | 6176.0
               +-------+-------+-------+-------+-------+----------------------
